[Event "Titled Tuesday Blitz November 08 Late 2022"]
[White "Kaganskiy, Gleb"]
[Black "Ambartsumova, Karina"]
[WhiteFideId "4132025"]
[BlackFideId "4166299"]
[WhiteElo "2165"]
[BlackElo "2319"]
[Result "0-1"]
[Round "02"]
[TimeControl "180+1"]
[Date "2022.11.09"]
[WhiteClock "0:00:06"]
[BlackClock "0:00:22"]

1. e4 e5 2. Nf3 Nc6 3. Nc3 Nf6 4. d4 exd4 5. Nxd4 Bb4 6. Nxc6 bxc6 7. Bd3 O-O 8. O-O d5 9. Bd2 Bg4 10. f3 Be6 11. Nxd5 Nxd5 12. exd5 Qxd5 13. Bxh7+ Kxh7 14. Bxb4 Rfd8 15. Kh1 Qc4 16. Qe1 Qxc2 17. Bc3 Qg6 18. Qh4+ Kg8 19. Rad1 Rd5 20. Qg3 Qxg3 21. hxg3 Rxd1 22. Rxd1 Bxa2 23. Rd7 Bd5 24. Rxc7 a5 25. Bd4 a4 26. Ra7 Rxa7 27. Bxa7 Kf8 28. Kg1 Ke7 29. Kf2 Kd6 30. Ke3 c5 31. Kd3 Kc6 32. Kc3 Kb5 33. Bb8 Bc4 34. Be5 g6 35. Bf6 Bf1 36. f4 Bxg2 37. Be7 Bd5 38. Bf8 Kc6 39. Be7 Bb3 40. Bf8 Kd5 41. Be7 c4 42. Bd8 Ke4 43. Be7 Kf3 44. Bh4 Kg4 45. Kb4 Kf5 46. Kb5 f6 47. Kb4 g5 48. fxg5 fxg5 49. g4+ Kxg4 50. Be1 Kf3 51. Kc3 g4 52. Kb4 g3 53. Bxg3 Kxg3 54. Ka3 Kf3 55. Kb4 Ke3 56. Ka3 Kd3 57. Kb4 Kc2 58. Ka3 Kb1 59. Kb4 Kxb2 0-1


[Site "https://www.chess.com"]

[Event "Titled Tuesday Blitz November 08 Late 2022"]
[White "Kanakaris, Georgios"]
[Black "Andreikin, Dmitry"]
[WhiteFideId "4209460"]
[BlackFideId "4158814"]
[WhiteElo "2291"]
[BlackElo "2736"]
[Result "0-1"]
[Round "02"]
[TimeControl "180+1"]
[Date "2022.11.08"]
[WhiteClock "0:00:26"]
[BlackClock "0:01:39"]

1. d4 Nf6 2. Nf3 e6 3. g3 b5 4. Bg5 Bb7 5. e3 h6 6. Bxf6 Qxf6 7. Nbd2 a6 8. Bd3 c5 9. c3 d5 10. O-O Nc6 11. e4 cxd4 12. exd5 exd5 13. Re1+ Be7 14. Nxd4 Nxd4 15. cxd4 Qxd4 16. Nb3 Qf6 17. Na5 Bc8 18. Qc2 O-O 19. Qc6 Be6 20. Re2 Rfc8 21. Qb7 Rab8 22. Qxa6 Ra8 23. Qxb5 Rc5 24. Qb7 Rcxa5 25. Rc1 Rxa2 26. Rc7 Bf8 0-1


[Site "https://www.chess.com"]

[Event "Titled Tuesday Blitz November 08 Late 2022"]
[White "Karas, Marek"]
[Black "Sibilio, Mario"]
[WhiteFideId "14928558"]
[BlackFideId "800422"]
[WhiteElo "2220"]
[BlackElo "2251"]
[Result "0-1"]
[Round "02"]
[TimeControl "180+1"]
[Date "2022.11.09"]
[WhiteClock "0:00:19"]
[BlackClock "0:00:37"]

1. e4 d6 2. d4 Nf6 3. Nc3 g6 4. Be2 Bg7 5. g4 Nc6 6. g5 Nd7 7. Be3 e5 8. d5 Nd4 9. Nf3 Nxf3+ 10. Bxf3 h5 11. gxh6 Bxh6 12. Bxh6 Rxh6 13. Qd2 Rh4 14. O-O-O a6 15. Rdg1 Qf6 16. Bg4 Nc5 17. Bxc8 Rxc8 18. Qe2 Qf4+ 19. Kb1 Nxe4 20. Nd1 Nd2+ 21. Ka1 Nf3 22. Ne3 Nxg1 23. Rxg1 Rxh2 24. Rf1 Ke7 25. a3 Rch8 26. Qd2 Rh1 27. Rxh1 Rxh1+ 28. Ka2 Qd4 29. Qe2 b5 30. Qf3 Rh4 31. Qg3 Qf4 32. Qg1 Rh2 33. Qe1 Rxf2 34. Qc3 Kd8 35. Nd1 Rf3 36. Qa5 Qc4+ 37. Kb1 Qxd5 38. Qe1 Qc4 39. b3 Qf4 40. Ka2 Rf1 41. Qe2 Qf3 42. Qh2 Qxd1 43. Qh8+ Kd7 44. Qh3+ f5 45. Qh7+ Kc6 46. Kb2 Qa1# 0-1


[Site "https://www.chess.com"]

[Event "Titled Tuesday Blitz November 08 Late 2022"]
[White "Kirillov, Dmitry"]
[Black "Rodriguez Santiago, Jaime"]
[WhiteFideId "34180572"]
[BlackFideId "3100898"]
[WhiteElo "2095"]
[BlackElo "2025"]
[Result "1-0"]
[Round "02"]
[TimeControl "180+1"]
[Date "2022.11.09"]
[WhiteClock "0:00:48"]
[BlackClock "0:00:47"]

1. e4 c6 2. d4 d5 3. Nc3 dxe4 4. Nxe4 Nf6 5. Nxf6+ exf6 6. c3 Bd6 7. Bd3 O-O 8. Qc2 Re8+ 9. Ne2 h5 10. Be3 h4 11. h3 Nd7 12. O-O-O Nf8 13. Kb1 Be6 14. c4 a5 15. a3 a4 16. Nc3 b5 17. d5 bxc4 18. dxe6 cxd3 19. exf7+ Kxf7 20. Qxd3 Re6 21. Ne4 Be7 22. Qc4 Qb8 23. Nc5 Bxc5 24. Bxc5 Qb5 25. Qxb5 cxb5 26. Rd4 Rc8 27. Rc1 Re2 28. Rxh4 g5 29. Rb4 Ne6 30. Be3 Rxc1+ 31. Kxc1 f5 32. g3 f4 33. gxf4 gxf4 34. Bb6 f3 35. Rxb5 Nf4 36. Rf5+ Ke6 37. Rxf4 Re1+ 38. Kd2 Re2+ 39. Kc3 1-0


[Site "https://www.chess.com"]

[Event "Titled Tuesday Blitz November 08 Late 2022"]
[White "Kleiman, Jake"]
[Black "Paiva, Henrique M A Albergaria"]
[WhiteFideId "2020041"]
[BlackFideId "1920995"]
[WhiteElo "2510"]
[BlackElo "1953"]
[Result "1-0"]
[Round "02"]
[TimeControl "180+1"]
[Date "2022.11.09"]
[WhiteClock "0:00:15"]
[BlackClock "0:00:31"]

1. Nf3 d5 2. g3 Nf6 3. Bg2 Bf5 4. O-O e6 5. d3 c6 6. Nbd2 Nbd7 7. Qe1 h6 8. e4 Bh7 9. Qe2 Be7 10. a4 a5 11. Re1 dxe4 12. dxe4 O-O 13. b3 Bb4 14. Bb2 Re8 15. Red1 Qc7 16. Nd4 e5 17. Nf5 Bxf5 18. exf5 Bxd2 19. Rxd2 e4 20. Rad1 Re7 21. Bd4 Rae8 22. c4 c5 23. Be3 Ne5 24. Bf4 Qb6 25. Bxe5 Rxe5 26. Qe3 Rxf5 27. h3 Rfe5 28. Rd6 Qb4 29. Kh2 R5e6 30. R1d2 Re5 31. Qf4 e3 32. fxe3 Rxe3 33. R6d3 Rxd3 34. Rxd3 Qe1 35. Qf5 Qe5 36. Qxe5 Rxe5 37. Bxb7 g6 38. Kg2 Re2+ 39. Kf3 Rb2 40. g4 Kg7 41. Kf4 Rf2+ 42. Ke5 Re2+ 43. Kd6 Re6+ 44. Kxc5 Re7 45. Bc6 h5 46. g5 Nh7 47. h4 f6 48. gxf6+ Kxf6 49. Rd6+ Kg7 50. Rd7 Kf6 51. Rxe7 Kxe7 52. Be4 Nf8 53. Kb6 Kf6 54. c5 g5 55. hxg5+ Kxg5 56. c6 Kf4 57. Bd5 Ke5 58. c7 Nd7+ 59. Kc6 1-0


[Site "https://www.chess.com"]

[Event "Titled Tuesday Blitz November 08 Late 2022"]
[White "Kobo, Ori"]
[Black "Kumala, Aleksander"]
[WhiteFideId "2812320"]
[BlackFideId "1141880"]
[WhiteElo "2803"]
[BlackElo "2553"]
[Result "1-0"]
[Round "02"]
[TimeControl "180+1"]
[Date "2022.11.09"]
[WhiteClock "0:00:07"]
[BlackClock "0:00:10"]

1. e4 e5 2. a3 Nf6 3. Nc3 Nc6 4. d3 d5 5. Bg5 dxe4 6. Nxe4 Be7 7. Nxf6+ Bxf6 8. Be3 Be6 9. Ne2 Qd7 10. Nc3 O-O-O 11. Qd2 Nd4 12. O-O-O Qc6 13. Kb1 b5 14. Ne4 Be7 15. f4 exf4 16. Bxf4 Qd5 17. Qa5 Qc6 18. c3 Nb3 19. Qxa7 f5 20. Ng5 Bd5 21. Qf2 h6 22. Nf3 g5 23. Be5 Rhe8 24. d4 g4 25. Nd2 Bxa3 26. Qxf5+ Be6 27. Qc2 Nxd2+ 28. Rxd2 Be7 29. Bd3 Qd5 30. b4 Bd6 31. Bxd6 Rxd6 32. Be4 Qc4 33. Bd3 Qd5 34. Be4 Qc4 35. Bd3 Qc6 36. Re1 Ba2+ 37. Ka1 Rxe1+ 38. Kxa2 Qa6+ 39. Kb2 Qa1+ 40. Kb3 Qa4+ 41. Kb2 Qa1+ 42. Kb3 Ra6 43. Bxb5 Rb1+ 44. Kc4 Rd6 45. Qf5+ Kb7 46. Qc5 Qa7 47. d5 Qxc5+ 48. bxc5 Rf6 49. Bc6+ Kc8 50. Re2 Rf8 51. Kd4 Rd1+ 52. Kc4 Rdf1 53. Kb5 R1f2 54. Re4 Rb2+ 55. Rb4 Rxg2 56. Ra4 Kd8 57. Ra8+ Ke7 58. d6+ cxd6 59. cxd6+ Kf7 60. Bd5+ Kg7 61. Rxf8 Kxf8 62. Bxg2 Ke8 63. Kc6 Kd8 64. c4 h5 65. c5 h4 66. Kd5 g3 67. h3 Kd7 68. c6+ Kd8 69. Ke6 Ke8 70. Bh1 Kd8 71. c7+ Kc8 72. d7+ Kxc7 73. Ke7 Kb6 74. d8=Q+ Ka7 75. Qd4+ Kb8 76. Qb6+ Kc8 77. Qb7# 1-0


[Site "https://www.chess.com"]

[Event "Titled Tuesday Blitz November 08 Late 2022"]
[White "Kollars, Dmitrij"]
[Black "Barria Zuniga, Daniel"]
[WhiteFideId "12909572"]
[BlackFideId "3400816"]
[WhiteElo "2584"]
[BlackElo "2414"]
[Result "1-0"]
[Round "02"]
[TimeControl "180+1"]
[Date "2022.11.08"]
[WhiteClock "0:00:40"]
[BlackClock "0:00:11"]

1. Nf3 d5 2. g3 e6 3. Bg2 Nf6 4. O-O Be7 5. d4 O-O 6. b3 b5 7. c4 bxc4 8. bxc4 c6 9. Ne5 Nfd7 10. Nxd7 Qxd7 11. Qc2 Ba6 12. Nd2 Rc8 13. e4 dxc4 14. Rd1 Qxd4 15. Bb2 Qd3 16. Qc1 Qd7 17. Nxc4 Qe8 18. Qc3 Bf8 19. Nd6 Qd7 20. Nxc8 Qxc8 21. Rac1 Bb5 22. Qc2 a5 23. a4 Ba6 24. Qd2 Bb7 25. Qd8 Na6 26. Qxc8 Rxc8 27. Rd7 Ba8 28. e5 Nc5 29. Ra7 Nxa4 30. Bd4 1-0


[Site "https://www.chess.com"]

[Event "Titled Tuesday Blitz November 08 Late 2022"]
[White "Korchmar, Vasiliy"]
[Black "Sanchez, Robert"]
[WhiteFideId "24131750"]
[BlackFideId "2034360"]
[WhiteElo "2370"]
[BlackElo "2354"]
[Result "1-0"]
[Round "02"]
[TimeControl "180+1"]
[Date "2022.11.09"]
[WhiteClock "0:00:03"]
[BlackClock "0:00:04"]

1. e4 e6 2. d4 d5 3. e5 c5 4. c3 Nc6 5. Nf3 Bd7 6. Be2 Nge7 7. Na3 Nf5 8. Nc2 cxd4 9. cxd4 Be7 10. O-O h5 11. Bd3 g6 12. Rb1 h4 13. b4 g5 14. Be3 g4 15. Nfe1 g3 16. Bxf5 exf5 17. fxg3 hxg3 18. h3 Be6 19. Nd3 Qb6 20. a4 O-O-O 21. a5 Qc7 22. Na3 Rdg8 23. Rc1 Kb8 24. b5 Bxa3 25. Rc3 Qxa5 26. Qb3 Ne7 27. Ra1 Rc8 28. Nc5 f4 29. Bxf4 Nf5 30. Rxa3 Qb6 31. Qa4 Rh4 32. Rf3 Nxd4 33. Qxd4 Qxc5 34. Qxc5 Rxc5 35. Bxg3 Re4 36. Rxf7 Rc1+ 37. Kh2 Bxf7 38. e6+ Kc8 39. exf7 Rf1 40. Rf3 1-0


[Site "https://www.chess.com"]

[Event "Titled Tuesday Blitz November 08 Late 2022"]
[White "Kosakowski, Jakub"]
[Black "Principe, Gerson"]
[WhiteFideId "1185080"]
[BlackFideId "3804550"]
[WhiteElo "2849"]
[BlackElo "2572"]
[Result "0-1"]
[Round "02"]
[TimeControl "180+1"]
[Date "2022.11.09"]
[WhiteClock "0:00:02"]
[BlackClock "0:00:10"]

1. e4 c6 2. d4 d5 3. e5 Bf5 4. Nf3 e6 5. Be2 Nd7 6. O-O Bg6 7. Nbd2 Ne7 8. Nb3 Nf5 9. a4 Be7 10. g4 Nh4 11. Nxh4 Bxh4 12. f4 f6 13. Bd3 Bxd3 14. Qxd3 O-O 15. Bd2 fxe5 16. fxe5 Qe7 17. h3 Bg5 18. Na5 Bxd2 19. Qxd2 Nb6 20. Kg2 Rxf1 21. Rxf1 Nxa4 22. c4 b6 23. Nxc6 Qd7 24. Nb4 dxc4 25. Qf2 Rd8 26. Kh2 h6 27. Nc2 Nxb2 28. Qf3 Nd3 29. g5 hxg5 30. Ne3 Nf4 31. h4 Rf8 32. Qe4 Qf7 33. Qf3 Qg6 34. Qg4 Qe4 35. Rf3 c3 36. hxg5 c2 37. Nxc2 Qxc2+ 38. Kh1 Qd1+ 39. Kh2 Qe2+ 40. Kh1 Qe1+ 41. Kh2 Qd2+ 42. Kh1 Qc1+ 43. Kh2 Qc2+ 44. Kh1 Qf5 45. Qg3 Qh7+ 46. Kg1 Ne2+ 0-1


[Site "https://www.chess.com"]

[Event "Titled Tuesday Blitz November 08 Late 2022"]
[White "Koutlas, Nikolaos"]
[Black "Alfaro, William"]
[WhiteFideId "25827138"]
[BlackFideId "6100457"]
[WhiteElo "2167"]
[BlackElo "2096"]
[Result "1-0"]
[Round "02"]
[TimeControl "180+1"]
[Date "2022.11.09"]
[WhiteClock "0:01:43"]
[BlackClock "0:01:19"]

1. e4 c5 2. Nf3 Nc6 3. d4 cxd4 4. Nxd4 Nf6 5. Nc3 e5 6. Ndb5 d6 7. Bg5 a6 8. Na3 b5 9. Nd5 Be7 10. Bxf6 Bxf6 11. c4 b4 12. Nc2 a5 13. Bd3 O-O 14. O-O Be6 15. b3 Bg5 16. g3 f5 17. exf5 Bxd5 18. cxd5 Ne7 19. Qg4 Bh6 20. Ne3 Rc8 21. Rac1 Qb6 22. Rxc8 Nxc8 23. Nc4 Qc5 24. f6 Nb6 25. Qe6+ Kh8 26. Nxd6 Qxd5 27. Nf7+ Rxf7 28. Qe8+ Rf8 29. Qxf8+ Qg8 30. fxg7+ Bxg7 31. Qxg8+ Kxg8 32. Rc1 Kf8 33. Rc6 Nd5 34. Rc5 Nc3 35. Rxa5 e4 36. Bf1 Bd4 37. Ra8+ Kg7 38. Rb8 Nxa2 39. Bc4 Bc5 40. Rc8 Bd4 41. Rd8 Bc3 42. Re8 Bf6 43. Rxe4 Nc3 44. Re6 Bd4 45. Kg2 Bf6 46. h4 h6 47. Kh3 Bd8 48. f4 Bf6 49. g4 1-0


[Site "https://www.chess.com"]

[Event "Titled Tuesday Blitz November 08 Late 2022"]
[White "Kovacevic, Radmila"]
[Black "Tymrakiewicz, Rafal"]
[WhiteFideId "933171"]
[BlackFideId "1108832"]
[WhiteElo "2208"]
[BlackElo "2138"]
[Result "0-1"]
[Round "02"]
[TimeControl "180+1"]
[Date "2022.11.09"]
[WhiteClock "0:00:44"]
[BlackClock "0:00:28"]

1. e4 Nf6 2. e5 Nd5 3. Nf3 d6 4. d4 g6 5. Bc4 Nb6 6. Bxf7+ Kxf7 7. Ng5+ Kg8 8. Qf3 Qe8 9. e6 Bg7 10. d5 c6 11. Nc3 Nxd5 12. Nxd5 cxd5 13. Qxd5 Nc6 14. O-O Nd8 15. Re1 h6 16. Nf3 Qc6 17. Qb3 d5 18. Qd3 Bxe6 19. Qxg6 Bf7 20. Qg3 Qg6 21. Qc7 Qd6 22. Rxe7 Qxc7 23. Rxc7 Ne6 24. Rxb7 Bg6 25. c3 Be4 26. Nh4 Bf6 27. f3 Rh7 28. Rb4 a5 29. Ra4 Bc2 30. Rg4+ Kh8 31. Be3 Rg8 32. Rxg8+ Kxg8 33. Bf2 d4 34. cxd4 Nxd4 35. Rc1 Ne2+ 36. Kf1 Nxc1 37. Ke1 Nd3+ 38. Kd2 Nxf2 39. Kxc2 Bxh4 40. g3 Bxg3 41. hxg3 Rf7 42. f4 Rg7 43. a3 Rxg3 44. b4 Rxa3 45. b5 Ra4 46. Kc3 Rxf4 47. b6 Rb4 48. b7 Rxb7 0-1


[Site "https://www.chess.com"]

[Event "Titled Tuesday Blitz November 08 Late 2022"]
[White "Kozak, Adam"]
[Black "Tan, Ralph"]
[WhiteFideId "753246"]
[BlackFideId "30966590"]
[WhiteElo "2459"]
[BlackElo "2059"]
[Result "1-0"]
[Round "02"]
[TimeControl "180+1"]
[Date "2022.11.09"]
[WhiteClock "0:00:17"]
[BlackClock "0:00:40"]

1. e4 e6 2. Qe2 c5 3. Nf3 Nc6 4. c3 Nf6 5. g3 d5 6. exd5 Nxd5 7. Bg2 Be7 8. O-O O-O 9. d4 cxd4 10. cxd4 b6 11. Nc3 Bb7 12. Nxd5 Qxd5 13. Be3 Rad8 14. Rfd1 Bf6 15. h4 Qh5 16. Rac1 h6 17. Rd2 Nb4 18. a3 Ba6 19. Qd1 Nd5 20. Ne1 Qxd1 21. Rdxd1 Nxe3 22. fxe3 g5 23. hxg5 Bxg5 24. Kf2 Rd7 25. Nf3 Bf6 26. Nd2 Rfd8 27. Ne4 Bg7 28. Nc3 Bf6 29. b4 Kg7 30. b5 Bb7 31. Bxb7 Rxb7 32. Ne4 Be7 33. a4 Rbd7 34. Ke2 f5 35. Nf2 Bg5 36. Nd3 Bf6 37. Nf4 Kf7 38. Rh1 Bg5 39. Rc6 Re8 40. Nd3 Rde7 41. Ne5+ Kg7 42. Rc4 Bf6 43. Nc6 Rd7 44. Rf1 Kg6 45. Rd1 e5 46. d5 e4 47. Rc2 Be5 48. Kf2 h5 49. Nb4 Bd6 50. Rc6 Kg5 51. Nc2 Bc5 52. Nd4 Bxd4 53. Rxd4 Re5 54. d6 Re8 55. Rc7 Red8 56. Rxd7 Rxd7 57. Kg2 Kf6 58. Kh3 Ke5 59. Kh4 Rxd6 60. Rxd6 Kxd6 61. Kxh5 Ke7 62. Kg5 Ke6 63. Kg6 Ke5 64. Kf7 f4 65. gxf4+ Kf5 66. Ke7 Kg4 67. Kd6 Kf3 68. f5 Kxe3 69. f6 Kd2 70. f7 e3 71. f8=Q e2 72. Qf4+ Kd1 73. Qd4+ Kc1 74. Qc3+ Kd1 75. Qd3+ Ke1 76. Kc7 Kf2 77. Qd2 Kf1 78. Kb7 e1=Q 79. Qxe1+ Kxe1 80. Kxa7 Kd2 81. Kxb6 Kc3 82. a5 Kc4 83. a6 Kd5 84. a7 Kd6 85. a8=Q Kd7 86. Qa6 Ke7 87. Ka5 Kd7 88. Qc6+ Ke7 89. b6 Kf7 90. b7 Ke7 91. b8=Q Kf7 92. Qbb7+ Kg8 93. Ka4 Kh8 94. Ka3 Kg8 95. Ka2 Kh8 96. Kb1 Kg8 97. Qca6 Kh8 98. Kc1 Kg8 99. Kd1 Kh8 100. Ke1 Kg8 101. Kf1 Kh8 102. Kg1 Kg8 103. Kh1 Kh8 104. Kh2 Kg8 105. Kh3 Kh8 106. Kh4 Kg8 107. Kg4 Kh8 108. Kf4 Kg8 109. Ke4 Kh8 1-0


[Site "https://www.chess.com"]

[Event "Titled Tuesday Blitz November 08 Late 2022"]
[White "Kravtsiv, Martyn"]
[Black "Kavutskiy, Konstantin"]
[WhiteFideId "14113147"]
[BlackFideId "2026384"]
[WhiteElo "2775"]
[BlackElo "2537"]
[Result "0-1"]
[Round "02"]
[TimeControl "180+1"]
[Date "2022.11.09"]
[WhiteClock "0:00:04"]
[BlackClock "0:00:28"]

1. e4 c5 2. Nf3 Nc6 3. d4 cxd4 4. Nxd4 Nf6 5. Nc3 e5 6. Ndb5 d6 7. Bg5 a6 8. Na3 b5 9. Nd5 Be7 10. Bxf6 Bxf6 11. c4 b4 12. Nc2 O-O 13. g3 g6 14. Bg2 Bg7 15. O-O a5 16. Qd3 Be6 17. Rad1 Qb8 18. Kh1 a4 19. b3 Qb7 20. f4 exf4 21. gxf4 axb3 22. axb3 Ra2 23. Nde3 Qb6 24. f5 Bc8 25. f6 Bh6 26. Nd5 Qc5 27. Ne1 Ne5 28. Qg3 Bg4 29. Qh4 Bh5 30. Nd3 Nxd3 31. Rxd3 Rfa8 32. Ne7+ Kh8 33. e5 Ra1 34. Rg3 Rxf1+ 35. Bxf1 Ra1 36. Rg1 Bf3+ 0-1


[Site "https://www.chess.com"]

[Event "Titled Tuesday Blitz November 08 Late 2022"]
[White "Kuzmicz, Krystian"]
[Black "Torres Boch, Jose Francisco"]
[WhiteFideId "1119125"]
[BlackFideId "2278383"]
[WhiteElo "2380"]
[BlackElo "2073"]
[Result "1-0"]
[Round "02"]
[TimeControl "180+1"]
[Date "2022.11.09"]
[WhiteClock "0:01:50"]
[BlackClock "0:01:20"]

1. e4 c5 2. d3 g6 3. g3 Bg7 4. Bg2 e6 5. f4 Ne7 6. Nf3 O-O 7. O-O d5 8. c3 dxe4 9. dxe4 Qxd1 10. Rxd1 Nbc6 11. Na3 b6 12. e5 Ba6 13. Ng5 Rad8 14. Be3 Na5 15. Ne4 Nf5 16. Bf2 h5 17. h3 Nc4 18. Nxc4 Bxc4 19. g4 hxg4 20. hxg4 Rxd1+ 21. Rxd1 Be2 22. Rd7 Bxg4 23. Rxa7 Rb8 24. b4 cxb4 25. cxb4 Be2 26. Nd6 Bf8 27. Nxf7 Bxb4 28. Ng5 Bc4 29. Ra4 Bxa2 30. Rxa2 1-0


[Site "https://www.chess.com"]

[Event "Titled Tuesday Blitz November 08 Late 2022"]
[White "Lazavik, Denis"]
[Black "Suder, Jakub"]
[WhiteFideId "13515110"]
[BlackFideId "1195310"]
[WhiteElo "2483"]
[BlackElo "2243"]
[Result "1-0"]
[Round "02"]
[TimeControl "180+1"]
[Date "2022.11.08"]
[WhiteClock "0:01:36"]
[BlackClock "0:01:08"]

1. d4 d5 2. c4 dxc4 3. Nf3 a6 4. e3 Bg4 5. Bxc4 e6 6. Nc3 Nc6 7. h3 Bh5 8. O-O Nf6 9. Re1 Bd6 10. g4 Bg6 11. e4 e5 12. dxe5 Nxe5 13. Nxe5 Bxe5 14. f4 Qxd1 15. Rxd1 Bxc3 16. bxc3 Bxe4 17. g5 Nd7 18. Re1 f5 19. gxf6 Nxf6 20. Bd3 O-O 21. Rxe4 Nxe4 22. Bxe4 c6 23. Kf2 Rfe8 24. Bf3 Rad8 25. Rb1 Rd3 26. Rxb7 Rxc3 27. Bb2 Rc2+ 28. Kg3 g6 29. Be5 Rxa2 30. Bxc6 Rc8 31. Bd5+ 1-0


[Site "https://www.chess.com"]

[Event "Titled Tuesday Blitz November 08 Late 2022"]
[White "Leschinsky, Gary"]
[Black "Perez Ponsa, Federico"]
[WhiteFideId "30951321"]
[BlackFideId "117927"]
[WhiteElo "1855"]
[BlackElo "2606"]
[Result "0-1"]
[Round "02"]
[TimeControl "180+1"]
[Date "2022.11.09"]
[WhiteClock "0:00:06"]
[BlackClock "0:00:06"]

1. d4 Nf6 2. c4 e6 3. Nc3 d5 4. cxd5 exd5 5. Bg5 c6 6. e3 h6 7. Bh4 Be7 8. Bd3 O-O 9. Qc2 Re8 10. Nge2 Nbd7 11. O-O a5 12. f3 b5 13. e4 b4 14. Nb1 dxe4 15. fxe4 Ng4 16. Bxe7 Qxe7 17. Qxc6 Rb8 18. Nd2 Bb7 19. Qc7 Qg5 20. Qxd7 Qe3+ 21. Kh1 Qxd3 22. Qxg4 Qxd2 23. d5 Bxd5 24. Rad1 Be6 25. Qxe6 Qxe2 26. Qxf7+ Kh8 27. Rde1 Qxb2 28. e5 Rxe5 29. Rd1 Re2 30. Qf3 Rbe8 31. h3 Qxa2 32. Rd7 Re1 33. Rxe1 Rxe1+ 34. Kh2 Re8 35. Qh5 Rf8 36. Qg6 Qb2 37. Qd6 Qf6 38. Qc5 Qf4+ 39. Kh1 b3 40. Rd4 Qf1+ 41. Kh2 b2 42. Rd1 Qf5 43. Qb6 Qc2 44. Re1 a4 45. Qd6 Rc8 46. Qe6 Qc7+ 47. Kh1 Rb8 48. Rb1 Qc1+ 49. Kh2 Qxb1 50. Qe5 Qh1+ 51. Kxh1 b1=Q+ 52. Kh2 Qb2 53. Qe7 a3 54. Qa7 a2 55. h4 a1=Q 56. h5 Qxa7 57. Kh3 Qd7+ 58. Kh2 Qe5+ 59. Kg1 Rb1+ 60. Kf2 Qdd4+ 61. Kf3 Qee3# 0-1


[Site "https://www.chess.com"]

[Event "Titled Tuesday Blitz November 08 Late 2022"]
[White "Lewtak, Damian"]
[Black "Bluebaum, Matthias"]
[WhiteFideId "1141724"]
[BlackFideId "24651516"]
[WhiteElo "2329"]
[BlackElo "2633"]
[Result "0-1"]
[Round "02"]
[TimeControl "180+1"]
[Date "2022.11.08"]
[WhiteClock "0:01:49"]
[BlackClock "0:02:24"]

1. h4 d5 2. h5 h6 3. d4 Bf5 4. Bf4 e6 5. f3 c5 6. g4 Bh7 7. e3 Nc6 8. c3 Bd6 9. Bxd6 Qxd6 10. Kf2 e5 11. Bb5 Nf6 12. Ne2 e4 13. Ng3 exf3 14. Qxf3 Ne4+ 0-1


[Site "https://www.chess.com"]

[Event "Titled Tuesday Blitz November 08 Late 2022"]
[White "Liu, Kelsey"]
[Black "Bilan, Danila"]
[WhiteFideId "30944481"]
[BlackFideId "24161918"]
[WhiteElo "2303"]
[BlackElo "2173"]
[Result "0-1"]
[Round "02"]
[TimeControl "180+1"]
[Date "2022.11.09"]
[WhiteClock "0:00:03"]
[BlackClock "0:00:20"]

1. e4 c6 2. d4 d5 3. e5 c5 4. dxc5 e6 5. Be3 Qc7 6. Nf3 Bxc5 7. Bxc5 Qxc5 8. Bd3 Ne7 9. O-O Bd7 10. Nbd2 Bb5 11. Nb3 Qb6 12. Bxb5+ Qxb5 13. Nbd4 Qb6 14. Qd3 a6 15. Rac1 Nbc6 16. c4 dxc4 17. Rxc4 Rd8 18. Qe4 Rd5 19. Rfc1 h6 20. h3 O-O 21. b4 Rfd8 22. Nxc6 Nxc6 23. a3 Rd1+ 24. Ne1 R8d4 25. Qe2 Qd8 26. Rxd4 Rxd4 27. Nf3 Rd3 28. Qb2 Qd5 29. a4 b5 30. axb5 axb5 31. Qc2 Nxb4 32. Qc8+ Kh7 33. Kh2 Rxf3 34. gxf3 Qxe5+ 35. Kg2 Nd5 36. Qc2+ f5 37. Rb1 b4 38. Qd2 Qf6 39. Kf1 Qh4 40. Rxb4 Qxb4 41. Qxb4 Nxb4 0-1


[Site "https://www.chess.com"]

[Event "Titled Tuesday Blitz November 08 Late 2022"]
[White "Lopez Martinez, Josep Manuel"]
[Black "Yuan, Qingyu"]
[WhiteFideId "2212943"]
[BlackFideId "8609772"]
[WhiteElo "2541"]
[BlackElo "2784"]
[Result "0-1"]
[Round "02"]
[TimeControl "180+1"]
[Date "2022.11.09"]
[WhiteClock "0:00:13"]
[BlackClock "0:00:06"]

1. e4 c6 2. d4 d5 3. e5 c5 4. Nf3 cxd4 5. Nxd4 Nc6 6. Nxc6 bxc6 7. Bd3 e6 8. O-O a5 9. c4 Ne7 10. Nc3 Ng6 11. Qe2 Be7 12. f4 O-O 13. Kh1 a4 14. Bd2 Qb6 15. Rab1 Bd7 16. b4 axb3 17. axb3 Rfb8 18. cxd5 cxd5 19. f5 exf5 20. Nxd5 Qc5 21. Bc4 Be6 22. Be3 Qc6 23. Rbd1 Rd8 24. Qf3 Kh8 25. Nxe7 Nxe7 26. Bg5 Rxd1 27. Rxd1 Qxf3 28. gxf3 Ng6 29. Bxe6 fxe6 30. f4 h6 31. Rd8+ Rxd8 32. Bxd8 Nxf4 33. b4 Nd3 34. b5 Nxe5 35. b6 Kg8 36. b7 Nd7 37. Bc7 Kf7 38. Kg2 Kf6 39. Kf3 g5 40. Ke3 e5 41. Kd3 Ke6 42. Kc4 g4 43. Kb5 h5 44. Bd8 f4 45. Bh4 e4 46. Kc4 Ke5 47. Bd8 g3 48. hxg3 f3 49. Bc7+ Ke6 50. g4 f2 51. gxh5 f1=Q+ 52. Kd4 Qd3# 0-1


[Site "https://www.chess.com"]

[Event "Titled Tuesday Blitz November 08 Late 2022"]
[White "Machidon, Cristi"]
[Black "Deac, Bogdan-Daniel"]
[WhiteFideId "13904590"]
[BlackFideId "1226380"]
[WhiteElo "2333"]
[BlackElo "2648"]
[Result "1/2-1/2"]
[Round "02"]
[TimeControl "180+1"]
[Date "2022.11.08"]
[WhiteClock "0:00:10"]
[BlackClock "0:00:05"]

1. d4 Nf6 2. c4 e6 3. Nc3 Bb4 4. Qc2 d6 5. a3 Bxc3+ 6. Qxc3 b6 7. f3 c5 8. e4 cxd4 9. Qxd4 Nc6 10. Qd1 Ba6 11. Bf4 e5 12. Be3 Rc8 13. Rc1 O-O 14. Bd3 Na5 15. b3 Nd7 16. Ne2 Nc5 17. Bxc5 bxc5 18. O-O Nc6 19. Qd2 Qb6 20. Rb1 Bb7 21. Kh1 a5 22. Bc2 Ba6 23. Nc3 Nd4 24. Nd5 Qd8 25. Bd3 Bb7 26. Ne3 Bc6 27. Rfc1 Rb8 28. b4 axb4 29. axb4 cxb4 30. Nc2 Nxc2 31. Bxc2 Qa5 32. Qxd6 Rfc8 33. c5 Qc7 34. Bb3 Qxd6 35. cxd6 Kf8 36. Rc4 Bd7 37. Kg1 Rxc4 38. Bxc4 Be6 39. Bxe6 fxe6 40. Kf2 Ke8 41. Ke2 Kd7 42. Kd3 Kxd6 43. Kc4 Rc8+ 44. Kb3 Rc3+ 45. Kxb4 Rc2 46. Rd1+ Kc6 47. Rg1 g5 48. h3 h5 49. Kb3 Rf2 50. Kc3 h4 51. Kd3 Kc5 52. Ke3 Ra2 53. g3 Rh2 54. gxh4 gxh4 55. Rg5 Kd6 56. Rg7 Rxh3 57. Rh7 Rh1 58. Rh5 h3 59. Kf2 h2 60. Kg2 Ra1 61. Kxh2 Rb1 62. Kg3 Rc1 63. f4 Rc3+ 64. Kg4 exf4 65. Kxf4 Rc1 66. Rg5 Rf1+ 67. Ke3 Re1+ 68. Kd3 Rd1+ 69. Ke3 Ra1 70. Rb5 Re1+ 71. Kd3 Rd1+ 72. Ke3 Re1+ 73. Kd3 Rd1+ 74. Ke3 Re1+ 1/2-1/2


[Site "https://www.chess.com"]

[Event "Titled Tuesday Blitz November 08 Late 2022"]
[White "Makarian, Rudik"]
[Black "Taichman, Ori"]
[WhiteFideId "44105681"]
[BlackFideId "2804069"]
[WhiteElo "2423"]
[BlackElo "2234"]
[Result "1-0"]
[Round "02"]
[TimeControl "180+1"]
[Date "2022.11.08"]
[WhiteClock "0:00:26"]
[BlackClock "0:00:04"]

1. Nf3 Nf6 2. c4 g6 3. Nc3 Bg7 4. g3 O-O 5. Bg2 d6 6. O-O Nc6 7. d3 e5 8. Rb1 a5 9. a3 h6 10. b4 axb4 11. axb4 Be6 12. b5 Ne7 13. Ne1 Rb8 14. Ra1 Qd7 15. Ra7 b6 16. Nc2 Bh3 17. e4 Nh5 18. Nb4 Ra8 19. Rxa8 Rxa8 20. Ncd5 Nxd5 21. Bxh3 Qxh3 22. Nxd5 Ra1 23. Qe2 Nf6 24. Nxc7 h5 25. Nd5 Ng4 26. f3 Bh6 27. fxg4 Bxc1 28. gxh5 gxh5 29. Qg2 Qxg2+ 30. Kxg2 Ra2+ 31. Rf2 Ra3 32. Rf3 Ra2+ 33. Kh3 Bb2 34. Rf2 Kg7 35. Nb4 Bc3 36. Rxa2 Bxb4 37. Ra7 Bc5 38. Rd7 Kg6 39. g4 hxg4+ 40. Kxg4 f6 41. h4 Bb4 42. h5+ Kh6 43. Kf5 Kxh5 44. Rg7 Kh4 45. Kxf6 Bc5 46. Ke6 Kh5 47. Kd5 Kh6 48. Rd7 Kg5 49. Rxd6 Kf4 50. Rd8 Bd4 51. Rh8 Ke3 52. Rh3+ Kd2 53. c5 bxc5 54. b6 c4 55. b7 c3 56. b8=Q c2 57. Qb4+ Bc3 58. Rh2+ Kd1 59. Qb3 Bd2 60. Rxd2+ Kxd2 61. Qxc2+ Kxc2 62. d4 Kd3 63. dxe5 Kc3 64. e6 1-0


[Site "https://www.chess.com"]